WCHLSIM.com - West Coast Hockey League
html PUBLIC "-//W3C//DTD XHTML 1.0 Transitional//EN" "http://www.w3.org/TR/xhtml1/DTD/xhtml1-transitional.dtd"> WCHL - Game 238 - SPOKANE KNIGHTS vs KANSAS CITY KILLERBEES

SPOKANE KNIGHTS vs KANSAS CITY KILLERBEES

Created - 18 décembre 2020 at 20:12

Goals
1 2 3 T
SPOKANE KNIGHTS 1 0 0 1
KANSAS CITY KILLERBEES 0 1 1 2
Shots
1 2 3 T
SPOKANE KNIGHTS 12 10 6 28
KANSAS CITY KILLERBEES 7 13 15 35

1st period

1. SPOKANE KNIGHTS , Sebastian Aho 10 (Patrick Kane 8, Brent Seabrook 1) at 2:53

Penalties :
Nicholas Ritchie (KCK) for Charging (Minor) at 10:39, Cam Fowler (KCK) for Interference (Minor) at 19:10, Josh Archibald (KCK) for Roughing (Minor) at 19:54

2nd period

2. KANSAS CITY KILLERBEES , Mark Stone 11 (Sean Couturier 15) at 19:45

Penalties :
Ryan Dzingel (KCK) for Unsportsmanlike conduct (Minor) at 5:26

3rd period

3. KANSAS CITY KILLERBEES , Mark Stone 12 (Sean Couturier 16) at 2:02

Penalties :
Brent Seabrook (SPO) for Hooking (Minor) at 7:27, Mark Stone (KCK) for Holding (Minor) at 14:06, Roman Polak (SPO) for Tripping (Minor) at 19:02

Goalie Stats

Matthew Murray (SPO), 33 saves from 35 shots - (0,943), L, 5-5-0, 60:00 minutes
John Gibson (KCK), 27 saves from 28 shots - (0,964), W, 6-3-2, 60:00 minutes

Players Stats for SPOKANE KNIGHTS

Player Name              G  A  P  +/- PIM S  H  SB GA TA FO     MP     PP MP  PK MP  
------------------------------------------------------------------------------------
Blake Wheeler            0  0  0  -1  0   1  1  0  0  0  1/1    22:15   4:25   0:00 
Brent Seabrook           0  1  1   1  2   0  1  1  0  0  0/0    18:20   0:00   0:17 
Cale Makar               0  0  0   1  0   1  0  0  0  0  0/0    23:21   4:15   1:02 
Dan Hamhuis              0  0  0   0  0   0  0  1  0  0  0/0    18:00   4:01   2:01 
Gabriel Bourque          0  0  0  -1  0   0  0  0  0  0  0/1     3:41   0:00   0:00 
Gaetan Haas              0  0  0  -1  0   0  2  1  0  0  6/14   14:17   0:00   0:55 
Garnet Hathaway          0  0  0  -1  0   2  0  0  0  0  0/0     3:41   0:00   0:00 
Justin Abdelkader        0  0  0   0  0   0  3  0  0  0  0/0    14:56   0:24   1:54 
Mario Ferraro            0  0  0   0  0   0  0  0  0  0  0/0     7:01   4:06   1:36 
Matthew Tkachuk          0  0  0   1  0   5  2  0  0  0  0/1    21:34   4:15   0:07 
Nick Foligno             0  0  0  -1  0   0  3  1  0  0  4/4    19:45   0:00   1:55 
Patrice Bergeron         0  0  0  -1  0   2  1  1  0  0  13/23  22:29   4:39   0:00 
Patrick Kane             0  1  1   1  0   5  0  0  0  0  0/1    20:51   3:39   0:00 
Roman Polak              0  0  0  -2  2   2  2  1  0  0  0/0    18:22   0:24   0:56 
Sebastian Aho            1  0  1   1  0   4  2  0  0  0  14/28  21:13   4:01   0:00 
Tyler Pitlick            0  0  0   0  0   2  1  0  0  0  1/1    10:23   0:36   0:06 
Valeri Nichushkin        0  0  0   0  0   2  1  0  0  0  0/1    14:37   4:01   0:55 
Victor Hedman            0  0  0  -2  0   2  0  2  0  0  0/0    22:16   4:34   0:00 

Players Stats for KANSAS CITY KILLERBEES

Player Name              G  A  P  +/- PIM S  H  SB GA TA FO     MP     PP MP  PK MP  
------------------------------------------------------------------------------------
Adam Larsson             0  0  0   0  0   1  3  2  0  0  0/0    22:40   0:46   3:47 
Cam Fowler               0  0  0   1  2   1  0  0  0  0  0/0    19:53   1:48   0:00 
Colin Miller             0  0  0   0  0   0  0  3  0  0  0/0    18:55   2:34   4:10 
Haydn Fleury             0  0  0   0  0   0  0  1  0  0  0/0    21:21   0:22   3:35 
Jacob Muzzin             0  0  0   1  0   2  2  4  0  0  0/0    20:05   0:22   1:06 
Josh Archibald           0  0  0  -1  2   5  0  0  0  0  0/0    13:10   0:00   2:49 
Mark Stone               2  0  2   2  2   8  1  0  0  0  0/3    19:45   0:22   0:00 
Nicholas Ritchie         0  0  0   0  2   2  5  0  0  0  0/1    18:37   0:00   3:02 
Nick Schmaltz            0  0  0   0  0   2  0  1  0  0  10/26  17:52   2:34   0:34 
Oscar Fantenberg         0  0  0   0  0   0  1  3  0  0  0/0    17:05   0:00   4:42 
Oskar Sundqvist          0  0  0   0  0   0  0  0  0  0  1/1     3:29   0:00   0:00 
Paul Stastny             0  0  0  -1  0   0  0  0  0  0  9/14   13:45   0:00   2:58 
Riley Sheahan            0  0  0   0  0   2  0  0  0  0  4/9     8:24   0:00   4:55 
Ryan Dzingel             0  0  0   0  2   1  0  0  0  0  0/1     5:36   2:34   0:00 
Sean Couturier           0  2  2   2  0   4  1  2  0  0  11/18  19:46   0:22   0:00 
Tyler Ennis              0  0  0  -1  0   4  0  0  0  0  0/1    12:29   2:34   0:00 
Zach Hyman               0  0  0   2  0   1  1  0  0  0  1/1    21:14   0:22   1:28 
Zach Parise              0  0  0   0  0   2  0  0  0  0  0/0    15:54   0:00   0:18 

3 Stars

1 - Mark Stone (KCK)
2 - Sean Couturier (KCK)
3 - John Gibson (KCK)

Power Play

SPOKANE KNIGHTS - 0 on 5 Attempt(s) - 0,00%
KANSAS CITY KILLERBEES - 0 on 2 Attempt(s) - 0,00%

Penalty Kill

SPOKANE KNIGHTS - 2 on 2 Attempt(s) - 100,00% - Score 0 goal in Penalty Kill
KANSAS CITY KILLERBEES - 5 on 5 Attempt(s) - 100,00% - Score 0 goal in Penalty Kill

Team Stat

SPOKANE KNIGHTS - Hits : 19 - Faceoff Wins : 39 - Blocked Shots : 8 - Penalty Minutes : 4
KANSAS CITY KILLERBEES - Hits : 14 - Faceoff Wins : 36 - Blocked Shots : 16 - Penalty Minutes : 10

Official

Referees : Andrew Howard and Reid Anderson
Linesman : Mark Shewchyk and Darren Gibbs

Game Notes

No Game Note

Finance

Level 1 -- Attendance: 6500 (100,00%) -- Ticket Income 682 500 $
Level 2 -- Attendance: 5300 (100,00%) -- Ticket Income 339 200 $
Level 3 -- Attendance: 2500 (100,00%) -- Ticket Income 97 500 $
Level 4 -- Attendance: 4200 (100,00%) -- Ticket Income 117 600 $
Luxury Box -- Attendance: 1020 (100,00%) -- Ticket Income 206 040 $
Game was played at the Missouri Beehive Complex.
Total Attendance: 19520 (100,00%)
Total Ticket Income: 1 442 840 $
Other Income: 504 994 $
Total Income: 1 947 834 $

SPOKANE KNIGHTS

5 vs 5 Forward 
   Center                   Left Wing                Right Wing               Time % Phy DF OF 
 1 Patrice Bergeron         Nick Foligno             Blake Wheeler            37     1   1  3  
 2 Sebastian Aho            Matthew Tkachuk          Patrick Kane             37     1   1  3  
 3 Gaetan Haas              Valeri Nichushkin        Tyler Pitlick            21     1   2  2  
 4 Gaetan Haas              Gabriel Bourque          Garnet Hathaway          5      1   2  2  

5 vs 5 Defense 
   Defense                  Defense                                           Time % Phy DF OF 
 1 Victor Hedman            Roman Polak                                       38     1   2  2  
 2 Cale Makar               Brent Seabrook                                    37     1   2  2  
 3 Justin Abdelkader        Dan Hamhuis                                       15     1   3  1  
 4 Justin Abdelkader        Dan Hamhuis                                       10     1   3  1  

PowerPlay Forward 
   Center                   Left Wing                Right Wing               Time % Phy DF OF 
 1 Sebastian Aho            Matthew Tkachuk          Blake Wheeler            55     1   1  3  
 2 Patrice Bergeron         Valeri Nichushkin        Patrick Kane             45     1   1  3  

PowerPlay Defense
   Defense                  Defense                                           Time % Phy DF OF 
 1 Cale Makar               Victor Hedman                                     50     0   1  4  
 2 Dan Hamhuis              Mario Ferraro                                     50     0   1  4  

Penalty Kill 4 Players Forward 
   Center                   Wing                     Time % Phy DF OF 
 1 Nick Foligno             Justin Abdelkader        55     1   3  1  
 2 Gaetan Haas              Valeri Nichushkin        45     1   3  1  

Penalty Kill 4 Players Defense
   Defense                  Defense                  Time % Phy DF OF 
 1 Roman Polak              Dan Hamhuis              60     1   3  1  
 2 Mario Ferraro            Brent Seabrook           40     1   3  1  

Penalty Kill - 3 Players Forward 
   Forward                                           Time % Phy DF OF 
 1 Patrice Bergeron                                  60     0   5  0  
 2 Blake Wheeler                                     40     0   5  0  

Penalty Kill - 3 Players Defense
   Defense                  Defense                  Time % Phy DF OF 
 1 Roman Polak              Victor Hedman            60     0   5  0  
 2 Brent Seabrook           Dan Hamhuis              40     0   5  0  

4 vs 4 Forward 
   Center                   Wing                     Time % Phy DF OF 
 1 Patrice Bergeron         Blake Wheeler            50     1   2  2  
 2 Sebastian Aho            Patrick Kane             50     1   2  2  

4 vs 4 Defense
   Defense                  Defense                  Time % Phy DF OF 
 1 Roman Polak              Victor Hedman            60     1   2  2  
 2 Cale Makar               Brent Seabrook           40     1   2  2  

Last Minutes Offensive
   Center                   Left Wing                Right Wing               Defense                  Defense                  
   Patrice Bergeron         Blake Wheeler            Patrick Kane             Cale Makar               Victor Hedman            

Last Minutes Defensive
   Center                   Left Wing                Right Wing               Defense                  Defense                  
   Patrice Bergeron         Nick Foligno             Blake Wheeler            Roman Polak              Victor Hedman            

Goaltenders
Starting : Matthew Murray           
Backup : Mike Smith               

Extra Forwards
Normal : Gaetan Haas, Sebastian Aho, Garnet Hathaway - PP : Patrick Kane, Tyler Pitlick - PK : Tyler Pitlick
Extra Defensemen
Normal : Dan Hamhuis, Mario Ferraro, Cale Makar - PP : Cale Makar - PK : Mario Ferraro, Cale Makar
Penalty Shots
Patrice Bergeron, Patrick Kane, Sebastian Aho, Blake Wheeler, Matthew Tkachuk
Custom OT Lines Forwards
Patrice Bergeron, Blake Wheeler, Sebastian Aho, Patrick Kane, Nick Foligno, Matthew Tkachuk, Valeri Nichushkin, Tyler Pitlick, Gaetan Haas, Garnet Hathaway
Custom OT Lines Defensemen
Victor Hedman, Cale Makar, Roman Polak, Brent Seabrook, Dan Hamhuis

Scratches
None

KANSAS CITY KILLERBEES

5 vs 5 Forward 
   Center                   Left Wing                Right Wing               Time % Phy DF OF 
 1 Sean Couturier           Zach Hyman               Mark Stone               36     0   2  2  
 2 Nick Schmaltz            Nicholas Ritchie         Zach Parise              34     1   2  2  
 3 Paul Stastny             Tyler Ennis              Josh Archibald           23     1   2  2  
 4 Oskar Sundqvist          Riley Sheahan            Ryan Dzingel             7      1   2  2  

5 vs 5 Defense 
   Defense                  Defense                                           Time % Phy DF OF 
 1 Jacob Muzzin             Cam Fowler                                        36     1   2  2  
 2 Haydn Fleury             Adam Larsson                                      35     1   2  2  
 3 Colin Miller             Oscar Fantenberg                                  28     1   2  2  
 4 Adam Larsson             Jacob Muzzin                                      1      1   2  2  

PowerPlay Forward 
   Center                   Left Wing                Right Wing               Time % Phy DF OF 
 1 Sean Couturier           Zach Hyman               Mark Stone               55     1   2  2  
 2 Nick Schmaltz            Tyler Ennis              Ryan Dzingel             45     1   2  2  

PowerPlay Defense
   Defense                  Defense                                           Time % Phy DF OF 
 1 Colin Miller             Cam Fowler                                        50     1   2  2  
 2 Haydn Fleury             Jacob Muzzin                                      50     1   2  2  

Penalty Kill 4 Players Forward 
   Center                   Wing                     Time % Phy DF OF 
 1 Riley Sheahan            Nicholas Ritchie         55     1   2  2  
 2 Paul Stastny             Josh Archibald           45     1   2  2  

Penalty Kill 4 Players Defense
   Defense                  Defense                  Time % Phy DF OF 
 1 Haydn Fleury             Adam Larsson             50     1   2  2  
 2 Colin Miller             Oscar Fantenberg         50     1   2  2  

Penalty Kill - 3 Players Forward 
   Forward                                           Time % Phy DF OF 
 1 Riley Sheahan                                     55     1   2  2  
 2 Josh Archibald                                    45     1   2  2  

Penalty Kill - 3 Players Defense
   Defense                  Defense                  Time % Phy DF OF 
 1 Oscar Fantenberg         Adam Larsson             50     1   2  2  
 2 Haydn Fleury             Cam Fowler               50     1   2  2  

4 vs 4 Forward 
   Center                   Wing                     Time % Phy DF OF 
 1 Sean Couturier           Mark Stone               55     1   2  2  
 2 Nick Schmaltz            Zach Hyman               45     1   2  2  

4 vs 4 Defense
   Defense                  Defense                  Time % Phy DF OF 
 1 Jacob Muzzin             Cam Fowler               50     1   2  2  
 2 Haydn Fleury             Adam Larsson             50     1   2  2  

Last Minutes Offensive
   Center                   Left Wing                Right Wing               Defense                  Defense                  
   Sean Couturier           Zach Hyman               Mark Stone               Cam Fowler               Jacob Muzzin             

Last Minutes Defensive
   Center                   Left Wing                Right Wing               Defense                  Defense                  
   Sean Couturier           Nick Schmaltz            Mark Stone               Adam Larsson             Jacob Muzzin             

Goaltenders
Starting : John Gibson              
Backup : Mikhail Berdin           

Extra Forwards
Normal : Mark Stone, Paul Stastny, Nick Schmaltz - PP : Nicholas Ritchie, Sean Couturier - PK : Zach Hyman
Extra Defensemen
Normal : Jacob Muzzin, Haydn Fleury, Cam Fowler - PP : Colin Miller - PK : Jacob Muzzin, Adam Larsson
Penalty Shots
Nick Schmaltz, Mark Stone, Sean Couturier, Zach Hyman, Paul Stastny
Custom OT Lines Forwards
Sean Couturier, Mark Stone, Paul Stastny, Zach Hyman, Nick Schmaltz, Tyler Ennis, Zach Parise, Oskar Sundqvist, Nicholas Ritchie, Josh Archibald
Custom OT Lines Defensemen
Jacob Muzzin, Cam Fowler, Adam Larsson, Haydn Fleury, Oscar Fantenberg

Scratches
None


% Time on Ice - SPOKANE KNIGHTS

Lines # - Real PCT - Wanted PCT - Time Play
Normal Forward
1 - 37% - 37% - 17:50
2 - 36% - 37% - 17:12
3 - 20% - 21% - 9:41
4 - 8% - 5% - 3:41
Normal Defense
1 - 37% - 38% - 17:42
2 - 37% - 37% - 18:04
3 - 16% - 15% - 7:35
4 - 10% - 10% - 5:03
PP Forward
1 - 51% - 55% - 4:25
2 - 49% - 45% - 4:15
PP Defense
1 - 53% - 50% - 4:34
2 - 47% - 50% - 4:06
PK Forward
1 - 69% - 55% - 2:01
2 - 31% - 45% - 0:55
PK Defense
1 - 60% - 60% - 1:46
2 - 40% - 40% - 1:10
PK3 Forward
1 - 0% - 60%
2 - 0% - 40%
PK3 Defense
1 - 0% - 60%
2 - 0% - 40%
44 Forward
1 - 0% - 50%
2 - 0% - 50%
44 Defense
1 - 0% - 60%
2 - 0% - 40%
Last Minute Offensive  - 0:00
Last Minute Defensive  - 0:00
Total
Forward - 60:00
Defense - 60:00

% Time on Ice - KANSAS CITY KILLERBEES

Lines # - Real PCT - Wanted PCT - Time Play
Normal Forward
1 - 40% - 36% - 19:24
2 - 32% - 34% - 15:36
3 - 20% - 23% - 9:55
4 - 7% - 7% - 3:29
Normal Defense
1 - 37% - 36% - 17:54
2 - 36% - 35% - 17:24
3 - 26% - 28% - 12:23
4 - 1% - 1% - 0:43
PP Forward
1 - 13% - 55% - 0:22
2 - 88% - 45% - 2:34
PP Defense
1 - 88% - 50% - 2:34
2 - 13% - 50% - 0:22
PK Forward
1 - 60% - 55% - 4:27
2 - 40% - 45% - 2:58
PK Defense
1 - 44% - 50% - 3:15
2 - 56% - 50% - 4:10
PK3 Forward
1 - 61% - 55% - 0:46
2 - 39% - 45% - 0:29
PK3 Defense
1 - 43% - 50% - 0:32
2 - 57% - 50% - 0:43
44 Forward
1 - 0% - 55%
2 - 0% - 45%
44 Defense
1 - 0% - 50%
2 - 0% - 50%
Last Minute Offensive  - 0:00
Last Minute Defensive  - 0:00
Total
Forward - 60:00
Defense - 60:00

Play-by-Play

1st period


0:01 of 1st period - Patrice Bergeron wins face-off versus Sean Couturier in neutral zone.
0:46 of 1st period - Blake Wheeler is hit by Sean Couturier and loses puck.
1:04 of 1st period - Icing by Nick Schmaltz.
1:05 of 1st period - Sebastian Aho wins face-off versus Nick Schmaltz in KANSAS CITY KILLERBEES zone.
1:12 of 1st period - Shot by Patrick Kane.
1:12 of 1st period - Shot Blocked by Adam Larsson.
1:14 of 1st period - Shot by Matthew Tkachuk.
1:14 of 1st period - Stopped by John Gibson without a rebound.
1:15 of 1st period - Sebastian Aho wins face-off versus Paul Stastny in KANSAS CITY KILLERBEES zone.
1:38 of 1st period - Shot by Patrick Kane.
1:38 of 1st period - Shot Blocked by Colin Miller.
1:40 of 1st period - Shot by Sebastian Aho.
1:40 of 1st period - Stopped by John Gibson without a rebound.
1:41 of 1st period - Nick Schmaltz wins face-off versus Gaetan Haas in KANSAS CITY KILLERBEES zone.
2:02 of 1st period - Shot by Gaetan Haas.
2:02 of 1st period - Shot Misses the Net.
2:04 of 1st period - Shot by Valeri Nichushkin.
2:04 of 1st period - Stopped by John Gibson without a rebound.
2:05 of 1st period - Sebastian Aho wins face-off versus Riley Sheahan in KANSAS CITY KILLERBEES zone.
2:10 of 1st period - Shot by Matthew Tkachuk.
2:10 of 1st period - Stopped by John Gibson without a rebound.
2:11 of 1st period - Paul Stastny wins face-off versus Sebastian Aho in KANSAS CITY KILLERBEES zone.
2:37 of 1st period - Shot by Paul Stastny.
2:37 of 1st period - Shot Misses the Net.
2:53 of 1st period - Shot by Sebastian Aho.
2:53 of 1st period - Goal by Sebastian Aho - SPOKANE KNIGHTS : 1 - KANSAS CITY KILLERBEES : 0.
2:54 of 1st period - Nick Schmaltz wins face-off versus Gaetan Haas in neutral zone.
2:57 of 1st period - Shot by Zach Parise.
2:57 of 1st period - Shot Misses the Net.
3:17 of 1st period - Shot by Zach Parise.
3:17 of 1st period - Stopped by Matthew Murray without a rebound.
3:18 of 1st period - Patrice Bergeron wins face-off versus Sean Couturier in SPOKANE KNIGHTS zone.
3:57 of 1st period - Shot by Sean Couturier.
3:57 of 1st period - Shot Misses the Net.
3:59 of 1st period - Shot by Jacob Muzzin.
3:59 of 1st period - Shot Misses the Net.
4:01 of 1st period - Shot by Sean Couturier.
4:01 of 1st period - Shot Misses the Net.
4:53 of 1st period - Shot by Nicholas Ritchie.
4:53 of 1st period - Stopped by Matthew Murray with a rebound.
5:15 of 1st period - Ryan Dzingel is hit by Roman Polak and loses puck.
5:22 of 1st period - Shot by Riley Sheahan.
5:22 of 1st period - Shot Misses the Net.
5:24 of 1st period - Shot by Riley Sheahan.
5:24 of 1st period - Shot Misses the Net.
5:52 of 1st period - Shot by Tyler Ennis.
5:52 of 1st period - Stopped by Matthew Murray without a rebound.
5:53 of 1st period - Sean Couturier wins face-off versus Sebastian Aho in SPOKANE KNIGHTS zone.
6:18 of 1st period - Shot by Patrick Kane.
6:18 of 1st period - Stopped by John Gibson without a rebound.
6:19 of 1st period - Nick Schmaltz wins face-off versus Valeri Nichushkin in KANSAS CITY KILLERBEES zone.
6:19 of 1st period - Nick Schmaltz is hit by Gaetan Haas.
8:15 of 1st period - Shot by Mark Stone.
8:15 of 1st period - Shot Blocked by Dan Hamhuis.
8:17 of 1st period - Shot by Jacob Muzzin.
8:17 of 1st period - Stopped by Matthew Murray with a rebound.
8:28 of 1st period - Shot by Sean Couturier.
8:28 of 1st period - Shot Misses the Net.
9:13 of 1st period - Icing by Oscar Fantenberg.
9:14 of 1st period - Blake Wheeler wins face-off versus Paul Stastny in KANSAS CITY KILLERBEES zone.
9:52 of 1st period - Icing by Colin Miller.
9:53 of 1st period - Sebastian Aho wins face-off versus Paul Stastny in KANSAS CITY KILLERBEES zone.
9:58 of 1st period - Shot by Patrick Kane.
9:58 of 1st period - Stopped by John Gibson without a rebound.
9:59 of 1st period - Sebastian Aho wins face-off versus Sean Couturier in KANSAS CITY KILLERBEES zone.
10:02 of 1st period - Shot by Patrick Kane.
10:02 of 1st period - Deflect By Matthew Tkachuk.
10:02 of 1st period - Shot Blocked by Jacob Muzzin.
10:27 of 1st period - Shot by Patrick Kane.
10:27 of 1st period - Stopped by John Gibson with a rebound.
10:34 of 1st period - Icing by Brent Seabrook.
10:35 of 1st period - Sebastian Aho wins face-off versus Nick Schmaltz in SPOKANE KNIGHTS zone.
10:35 of 1st period - Matthew Tkachuk is hit by Nicholas Ritchie and loses puck.
10:39 of 1st period - Minor Penalty to Nicholas Ritchie for Charging.
10:40 of 1st period - Patrice Bergeron wins face-off versus Riley Sheahan in KANSAS CITY KILLERBEES zone.
11:29 of 1st period - Shot by Josh Archibald.
11:29 of 1st period - Stopped by Matthew Murray with a rebound.
12:53 of 1st period - Icing by Sean Couturier.
12:54 of 1st period - Gaetan Haas wins face-off versus Sean Couturier in KANSAS CITY KILLERBEES zone.
13:33 of 1st period - Off-side.
13:34 of 1st period - Patrice Bergeron wins face-off versus Nick Schmaltz in neutral zone.
13:34 of 1st period - Blake Wheeler is hit by Nicholas Ritchie and loses puck.
13:40 of 1st period - Off-side.
13:41 of 1st period - Patrice Bergeron wins face-off versus Nick Schmaltz in neutral zone.
13:41 of 1st period - Victor Hedman is hit by Nicholas Ritchie and loses puck.
13:50 of 1st period - Shot by Blake Wheeler.
13:50 of 1st period - Shot Blocked by Adam Larsson.
13:52 of 1st period - Shot by Victor Hedman.
13:52 of 1st period - Stopped by John Gibson with a rebound.
13:54 of 1st period - Shot by Patrice Bergeron.
13:54 of 1st period - Deflect By Nick Foligno.
13:54 of 1st period - Shot Blocked by Haydn Fleury.
14:03 of 1st period - Icing by Zach Parise.
14:04 of 1st period - Nick Schmaltz wins face-off versus Sebastian Aho in KANSAS CITY KILLERBEES zone.
14:08 of 1st period - Off-side.
14:09 of 1st period - Paul Stastny wins face-off versus Gaetan Haas in neutral zone.
14:09 of 1st period - Tyler Ennis is hit by Gaetan Haas and loses puck.
14:22 of 1st period - Shot by Cale Makar.
14:22 of 1st period - Stopped by John Gibson without a rebound.
14:23 of 1st period - Nick Schmaltz wins face-off versus Sebastian Aho in KANSAS CITY KILLERBEES zone.
14:23 of 1st period - Nick Schmaltz is hit by Sebastian Aho.
14:28 of 1st period - Off-side.
14:29 of 1st period - Gaetan Haas wins face-off versus Nick Schmaltz in neutral zone.
14:29 of 1st period - Gaetan Haas is hit by Nicholas Ritchie.
14:34 of 1st period - Valeri Nichushkin is hit by Nicholas Ritchie and loses puck.
14:56 of 1st period - Tyler Pitlick is hit by Adam Larsson and loses puck.
15:01 of 1st period - Shot by Valeri Nichushkin.
15:01 of 1st period - Stopped by John Gibson without a rebound.
15:02 of 1st period - Sean Couturier wins face-off versus Matthew Tkachuk in KANSAS CITY KILLERBEES zone.
15:02 of 1st period - Sean Couturier is hit by Matthew Tkachuk.
15:10 of 1st period - Shot by Sean Couturier.
15:10 of 1st period - Shot Misses the Net.
15:12 of 1st period - Shot by Mark Stone.
15:12 of 1st period - Stopped by Matthew Murray with a rebound.
15:39 of 1st period - Mark Stone is hit by Brent Seabrook and loses puck.
16:54 of 1st period - Shot by Zach Parise.
16:54 of 1st period - Shot Misses the Net.
16:56 of 1st period - Shot by Adam Larsson.
16:56 of 1st period - Stopped by Matthew Murray without a rebound.
16:57 of 1st period - Paul Stastny wins face-off versus Gaetan Haas in SPOKANE KNIGHTS zone.
18:01 of 1st period - Haydn Fleury is hit by Tyler Pitlick and loses puck.
18:33 of 1st period - Icing by Dan Hamhuis.
18:34 of 1st period - Tyler Pitlick wins face-off versus Nick Schmaltz in SPOKANE KNIGHTS zone.
19:10 of 1st period - Minor Penalty to Cam Fowler for Interference.
19:11 of 1st period - Paul Stastny wins face-off versus Sebastian Aho in KANSAS CITY KILLERBEES zone.
19:36 of 1st period - Nicholas Ritchie is hit by Blake Wheeler.
19:40 of 1st period - Shot by Victor Hedman.
19:40 of 1st period - Stopped by John Gibson without a rebound.
19:41 of 1st period - Riley Sheahan wins face-off versus Patrice Bergeron in KANSAS CITY KILLERBEES zone.
19:41 of 1st period - Riley Sheahan is hit by Patrice Bergeron.
19:54 of 1st period - Minor Penalty to Josh Archibald for Roughing.
19:55 of 1st period - Riley Sheahan wins face-off versus Sebastian Aho in KANSAS CITY KILLERBEES zone.
Goals for this period are 1 for SPOKANE KNIGHTS vs 0 for KANSAS CITY KILLERBEES.
Shots for this period are 12 for SPOKANE KNIGHTS vs 7 for KANSAS CITY KILLERBEES.

2nd period


0:01 of 2nd period - Sebastian Aho wins face-off versus Riley Sheahan in neutral zone.
0:17 of 2nd period - Shot by Cale Makar.
0:17 of 2nd period - Shot Misses the Net.
0:19 of 2nd period - Shot by Sebastian Aho.
0:19 of 2nd period - Shot Misses the Net.
0:21 of 2nd period - Shot by Matthew Tkachuk.
0:21 of 2nd period - Stopped by John Gibson without a rebound.
0:22 of 2nd period - Patrice Bergeron wins face-off versus Riley Sheahan in KANSAS CITY KILLERBEES zone.
0:46 of 2nd period - Patrice Bergeron is hit by Zach Hyman and loses puck.
0:53 of 2nd period - Shot by Zach Hyman.
0:53 of 2nd period - Stopped by Matthew Murray without a rebound.
0:54 of 2nd period - Zach Hyman wins face-off versus Sebastian Aho in SPOKANE KNIGHTS zone.
1:19 of 2nd period - Shot by Matthew Tkachuk.
1:19 of 2nd period - Shot Misses the Net.
1:21 of 2nd period - Shot by Blake Wheeler.
1:21 of 2nd period - Shot Misses the Net.
1:23 of 2nd period - Shot by Blake Wheeler.
1:23 of 2nd period - Shot Hit the Post.
2:13 of 2nd period - Shot by Valeri Nichushkin.
2:13 of 2nd period - Shot Misses the Net.
3:02 of 2nd period - Shot by Tyler Ennis.
3:02 of 2nd period - Stopped by Matthew Murray without a rebound.
3:03 of 2nd period - Sebastian Aho wins face-off versus Nick Schmaltz in SPOKANE KNIGHTS zone.
4:29 of 2nd period - Shot by Tyler Ennis.
4:29 of 2nd period - Shot Blocked by Brent Seabrook.
4:31 of 2nd period - Shot by Paul Stastny.
4:31 of 2nd period - Shot Misses the Net.
4:33 of 2nd period - Shot by Haydn Fleury.
4:33 of 2nd period - Shot Misses the Net.
4:55 of 2nd period - Nick Foligno is hit by Jacob Muzzin and loses puck.
5:02 of 2nd period - Shot by Blake Wheeler.
5:02 of 2nd period - Shot Blocked by Sean Couturier.
5:04 of 2nd period - Shot by Roman Polak.
5:04 of 2nd period - Stopped by John Gibson without a rebound.
5:05 of 2nd period - Oskar Sundqvist wins face-off versus Gaetan Haas in KANSAS CITY KILLERBEES zone.
5:26 of 2nd period - Minor Penalty to Ryan Dzingel for Unsportsmanlike conduct.
5:27 of 2nd period - Riley Sheahan wins face-off versus Patrice Bergeron in KANSAS CITY KILLERBEES zone.
6:10 of 2nd period - Shot by Josh Archibald.
6:10 of 2nd period - Shot Misses the Net.
6:12 of 2nd period - Shot by Josh Archibald.
6:12 of 2nd period - Stopped by Matthew Murray with a rebound.
6:14 of 2nd period - Shot by Colin Miller.
6:14 of 2nd period - Shot Blocked by Victor Hedman.
6:16 of 2nd period - Shot by Josh Archibald.
6:16 of 2nd period - Shot Misses the Net.
6:26 of 2nd period - Shot by Blake Wheeler.
6:26 of 2nd period - Stopped by John Gibson without a rebound.
6:27 of 2nd period - Riley Sheahan wins face-off versus Sebastian Aho in KANSAS CITY KILLERBEES zone.
6:53 of 2nd period - Off-side.
6:54 of 2nd period - Patrice Bergeron wins face-off versus Riley Sheahan in neutral zone.
7:40 of 2nd period - Shot by Garnet Hathaway.
7:40 of 2nd period - Stopped by John Gibson without a rebound.
7:41 of 2nd period - Paul Stastny wins face-off versus Sebastian Aho in KANSAS CITY KILLERBEES zone.
7:41 of 2nd period - Paul Stastny is hit by Sebastian Aho.
7:57 of 2nd period - Shot by Sebastian Aho.
7:57 of 2nd period - Shot Misses the Net.
7:59 of 2nd period - Shot by Sebastian Aho.
7:59 of 2nd period - Shot Misses the Net.
8:11 of 2nd period - Shot by Tyler Ennis.
8:11 of 2nd period - Stopped by Matthew Murray with a rebound.
8:14 of 2nd period - Icing by Victor Hedman.
8:15 of 2nd period - Sean Couturier wins face-off versus Sebastian Aho in SPOKANE KNIGHTS zone.
8:26 of 2nd period - Shot by Sean Couturier.
8:26 of 2nd period - Stopped by Matthew Murray without a rebound.
8:27 of 2nd period - Nick Schmaltz wins face-off versus Patrice Bergeron in SPOKANE KNIGHTS zone.
8:37 of 2nd period - Shot by Blake Wheeler.
8:37 of 2nd period - Shot Misses the Net.
8:41 of 2nd period - Shot by Patrice Bergeron.
8:41 of 2nd period - Stopped by John Gibson with a rebound.
9:53 of 2nd period - Shot by Mark Stone.
9:53 of 2nd period - Stopped by Matthew Murray with a rebound.
9:55 of 2nd period - Shot by Mark Stone.
9:55 of 2nd period - Stopped by Matthew Murray without a rebound.
9:56 of 2nd period - Paul Stastny wins face-off versus Sebastian Aho in SPOKANE KNIGHTS zone.
10:21 of 2nd period - Shot by Sebastian Aho.
10:21 of 2nd period - Shot Misses the Net.
10:23 of 2nd period - Shot by Matthew Tkachuk.
10:23 of 2nd period - Shot Misses the Net.
10:25 of 2nd period - Shot by Roman Polak.
10:25 of 2nd period - Stopped by John Gibson without a rebound.
10:26 of 2nd period - Sean Couturier wins face-off versus Patrice Bergeron in KANSAS CITY KILLERBEES zone.
10:31 of 2nd period - Sean Couturier is hit by Nick Foligno and loses puck.
11:35 of 2nd period - Shot by Patrick Kane.
11:35 of 2nd period - Shot Misses the Net.
11:46 of 2nd period - Shot by Patrick Kane.
11:46 of 2nd period - Deflect By Matthew Tkachuk.
11:46 of 2nd period - Shot Misses the Net.
11:48 of 2nd period - Shot by Roman Polak.
11:48 of 2nd period - Shot Blocked by Oscar Fantenberg.
11:54 of 2nd period - Shot by Patrick Kane.
11:54 of 2nd period - Shot Misses the Net.
12:23 of 2nd period - Jacob Muzzin is hit by Valeri Nichushkin.
12:31 of 2nd period - Tyler Ennis is hit by Justin Abdelkader and loses puck.
12:48 of 2nd period - Shot by Tyler Ennis.
12:48 of 2nd period - Shot Misses the Net.
12:52 of 2nd period - Shot by Josh Archibald.
12:52 of 2nd period - Stopped by Matthew Murray without a rebound.
12:53 of 2nd period - Patrice Bergeron wins face-off versus Mark Stone in SPOKANE KNIGHTS zone.
13:00 of 2nd period - Shot by Blake Wheeler.
13:00 of 2nd period - Shot Misses the Net.
13:02 of 2nd period - Shot by Blake Wheeler.
13:02 of 2nd period - Shot Blocked by Sean Couturier.
13:05 of 2nd period - Patrice Bergeron is hit by Adam Larsson and loses puck.
14:06 of 2nd period - Shot by Riley Sheahan.
14:06 of 2nd period - Stopped by Matthew Murray with a rebound.
14:08 of 2nd period - Shot by Cam Fowler.
14:08 of 2nd period - Stopped by Matthew Murray without a rebound.
14:09 of 2nd period - Gaetan Haas wins face-off versus Nick Schmaltz in SPOKANE KNIGHTS zone.
14:28 of 2nd period - Justin Abdelkader is hit by Oscar Fantenberg and loses puck.
14:37 of 2nd period - Shot by Garnet Hathaway.
14:37 of 2nd period - Stopped by John Gibson without a rebound.
14:38 of 2nd period - Paul Stastny wins face-off versus Patrice Bergeron in KANSAS CITY KILLERBEES zone.
14:43 of 2nd period - Shot by Tyler Ennis.
14:43 of 2nd period - Shot Misses the Net.
14:45 of 2nd period - Shot by Tyler Ennis.
14:45 of 2nd period - Shot Misses the Net.
14:47 of 2nd period - Shot by Paul Stastny.
14:47 of 2nd period - Shot Blocked by Patrice Bergeron.
14:49 of 2nd period - Shot by Paul Stastny.
14:49 of 2nd period - Deflect By Tyler Ennis.
14:49 of 2nd period - Stopped by Matthew Murray without a rebound.
14:50 of 2nd period - Sean Couturier wins face-off versus Sebastian Aho in SPOKANE KNIGHTS zone.
15:20 of 2nd period - Icing by Jacob Muzzin.
15:21 of 2nd period - Sean Couturier wins face-off versus Patrice Bergeron in KANSAS CITY KILLERBEES zone.
15:30 of 2nd period - Shot by Mark Stone.
15:30 of 2nd period - Stopped by Matthew Murray without a rebound.
15:31 of 2nd period - Patrice Bergeron wins face-off versus Nick Schmaltz in SPOKANE KNIGHTS zone.
16:06 of 2nd period - Shot by Blake Wheeler.
16:06 of 2nd period - Shot Blocked by Nick Schmaltz.
16:29 of 2nd period - Shot by Sebastian Aho.
16:29 of 2nd period - Shot Blocked by Colin Miller.
16:33 of 2nd period - Shot by Patrick Kane.
16:33 of 2nd period - Stopped by John Gibson with a rebound.
16:46 of 2nd period - Nick Schmaltz is hit by Matthew Tkachuk and loses puck.
17:11 of 2nd period - Shot by Sean Couturier.
17:11 of 2nd period - Shot Misses the Net.
18:37 of 2nd period - Shot by Patrice Bergeron.
18:37 of 2nd period - Stopped by John Gibson with a rebound.
19:16 of 2nd period - Tyler Pitlick is hit by Adam Larsson and loses puck.
19:39 of 2nd period - Shot by Tyler Pitlick.
19:39 of 2nd period - Stopped by John Gibson without a rebound.
19:40 of 2nd period - Sean Couturier wins face-off versus Gabriel Bourque in KANSAS CITY KILLERBEES zone.
19:45 of 2nd period - Shot by Sean Couturier.
19:45 of 2nd period - Deflect By Mark Stone.
19:45 of 2nd period - Goal by Mark Stone - SPOKANE KNIGHTS : 1 - KANSAS CITY KILLERBEES : 1.
19:46 of 2nd period - Patrice Bergeron wins face-off versus Nick Schmaltz in neutral zone.
Goals for this period are 0 for SPOKANE KNIGHTS vs 1 for KANSAS CITY KILLERBEES.
Shots for this period are 10 for SPOKANE KNIGHTS vs 13 for KANSAS CITY KILLERBEES.

3rd period


0:01 of 3rd period - Patrice Bergeron wins face-off versus Nick Schmaltz in neutral zone.
0:22 of 3rd period - Nicholas Ritchie is hit by Nick Foligno and loses puck.
0:53 of 3rd period - Icing by Haydn Fleury.
0:54 of 3rd period - Sebastian Aho wins face-off versus Nick Schmaltz in KANSAS CITY KILLERBEES zone.
1:01 of 3rd period - Shot by Matthew Tkachuk.
1:01 of 3rd period - Shot Hit the Post.
1:30 of 3rd period - Icing by Adam Larsson.
1:31 of 3rd period - Gaetan Haas wins face-off versus Nick Schmaltz in KANSAS CITY KILLERBEES zone.
1:54 of 3rd period - Shot by Sean Couturier.
1:54 of 3rd period - Stopped by Matthew Murray without a rebound.
1:55 of 3rd period - Sean Couturier wins face-off versus Patrice Bergeron in SPOKANE KNIGHTS zone.
2:02 of 3rd period - Shot by Sean Couturier.
2:02 of 3rd period - Deflect By Mark Stone.
2:02 of 3rd period - Goal by Mark Stone - SPOKANE KNIGHTS : 1 - KANSAS CITY KILLERBEES : 2.
2:03 of 3rd period - Patrice Bergeron wins face-off versus Mark Stone in neutral zone.
2:26 of 3rd period - Shot by Mark Stone.
2:26 of 3rd period - Deflect By Zach Hyman.
2:26 of 3rd period - Shot Blocked by Roman Polak.
2:28 of 3rd period - Shot by Jacob Muzzin.
2:28 of 3rd period - Stopped by Matthew Murray without a rebound.
2:29 of 3rd period - Sebastian Aho wins face-off versus Paul Stastny in SPOKANE KNIGHTS zone.
2:42 of 3rd period - Shot by Patrick Kane.
2:42 of 3rd period - Deflect By Sebastian Aho.
2:42 of 3rd period - Stopped by John Gibson without a rebound.
2:43 of 3rd period - Patrice Bergeron wins face-off versus Mark Stone in KANSAS CITY KILLERBEES zone.
3:07 of 3rd period - Shot by Mark Stone.
3:07 of 3rd period - Shot Misses the Net.
4:02 of 3rd period - Shot by Sebastian Aho.
4:02 of 3rd period - Deflect By Patrick Kane.
4:02 of 3rd period - Shot Blocked by Colin Miller.
4:04 of 3rd period - Shot by Roman Polak.
4:04 of 3rd period - Shot Misses the Net.
4:06 of 3rd period - Shot by Matthew Tkachuk.
4:06 of 3rd period - Stopped by John Gibson without a rebound.
4:07 of 3rd period - Gaetan Haas wins face-off versus Nick Schmaltz in KANSAS CITY KILLERBEES zone.
4:10 of 3rd period - Shot by Tyler Pitlick.
4:10 of 3rd period - Stopped by John Gibson without a rebound.
4:11 of 3rd period - Nick Schmaltz wins face-off versus Gaetan Haas in KANSAS CITY KILLERBEES zone.
4:26 of 3rd period - Shot by Nick Schmaltz.
4:26 of 3rd period - Stopped by Matthew Murray without a rebound.
4:27 of 3rd period - Sebastian Aho wins face-off versus Paul Stastny in SPOKANE KNIGHTS zone.
4:42 of 3rd period - Shot by Sebastian Aho.
4:42 of 3rd period - Shot Misses the Net.
5:01 of 3rd period - Shot by Patrick Kane.
5:01 of 3rd period - Stopped by John Gibson without a rebound.
5:02 of 3rd period - Sean Couturier wins face-off versus Patrice Bergeron in KANSAS CITY KILLERBEES zone.
5:27 of 3rd period - Shot by Mark Stone.
5:27 of 3rd period - Stopped by Matthew Murray with a rebound.
5:39 of 3rd period - Shot by Sean Couturier.
5:39 of 3rd period - Stopped by Matthew Murray without a rebound.
5:40 of 3rd period - Nick Schmaltz wins face-off versus Sebastian Aho in SPOKANE KNIGHTS zone.
5:46 of 3rd period - Sebastian Aho is hit by Jacob Muzzin and loses puck.
5:53 of 3rd period - Shot by Nicholas Ritchie.
5:53 of 3rd period - Shot Misses the Net.
5:55 of 3rd period - Shot by Nick Schmaltz.
5:55 of 3rd period - Stopped by Matthew Murray with a rebound.
5:57 of 3rd period - Shot by Nick Schmaltz.
5:57 of 3rd period - Shot Misses the Net.
5:59 of 3rd period - Shot by Nicholas Ritchie.
5:59 of 3rd period - Stopped by Matthew Murray without a rebound.
6:00 of 3rd period - Paul Stastny wins face-off versus Gaetan Haas in SPOKANE KNIGHTS zone.
6:01 of 3rd period - Shot by Josh Archibald.
6:01 of 3rd period - Shot Blocked by Gaetan Haas.
6:03 of 3rd period - Shot by Josh Archibald.
6:03 of 3rd period - Stopped by Matthew Murray without a rebound.
6:04 of 3rd period - Sebastian Aho wins face-off versus Sean Couturier in SPOKANE KNIGHTS zone.
6:04 of 3rd period - Sebastian Aho is hit by Mark Stone.
6:12 of 3rd period - Shot by Matthew Tkachuk.
6:12 of 3rd period - Shot Misses the Net.
6:34 of 3rd period - Icing by Adam Larsson.
6:35 of 3rd period - Sean Couturier wins face-off versus Patrice Bergeron in KANSAS CITY KILLERBEES zone.
7:27 of 3rd period - Minor Penalty to Brent Seabrook for Hooking.
7:28 of 3rd period - Nick Foligno wins face-off versus Ryan Dzingel in SPOKANE KNIGHTS zone.
7:40 of 3rd period - Off-side.
7:41 of 3rd period - Nick Foligno wins face-off versus Nick Schmaltz in neutral zone.
8:20 of 3rd period - Shot by Ryan Dzingel.
8:20 of 3rd period - Stopped by Matthew Murray with a rebound.
9:29 of 3rd period - Shot by Sean Couturier.
9:29 of 3rd period - Shot Misses the Net.
9:45 of 3rd period - Shot by Mark Stone.
9:45 of 3rd period - Shot Blocked by Victor Hedman.
9:57 of 3rd period - Shot by Mark Stone.
9:57 of 3rd period - Shot Hit the Post.
9:59 of 3rd period - Shot by Jacob Muzzin.
9:59 of 3rd period - Shot Misses the Net.
11:22 of 3rd period - Josh Archibald is hit by Justin Abdelkader and loses puck.
11:27 of 3rd period - Shot by Riley Sheahan.
11:27 of 3rd period - Stopped by Matthew Murray without a rebound.
11:28 of 3rd period - Sean Couturier wins face-off versus Sebastian Aho in SPOKANE KNIGHTS zone.
11:38 of 3rd period - Mark Stone is hit by Roman Polak and loses puck.
11:41 of 3rd period - Shot by Sean Couturier.
11:41 of 3rd period - Stopped by Matthew Murray without a rebound.
11:42 of 3rd period - Sebastian Aho wins face-off versus Sean Couturier in SPOKANE KNIGHTS zone.
12:10 of 3rd period - Shot by Mark Stone.
12:10 of 3rd period - Stopped by Matthew Murray without a rebound.
12:11 of 3rd period - Nick Schmaltz wins face-off versus Patrice Bergeron in SPOKANE KNIGHTS zone.
12:12 of 3rd period - Shot by Zach Parise.
12:12 of 3rd period - Stopped by Matthew Murray with a rebound.
12:14 of 3rd period - Shot by Colin Miller.
12:14 of 3rd period - Shot Misses the Net.
12:30 of 3rd period - Shot by Patrice Bergeron.
12:30 of 3rd period - Shot Misses the Net.
12:36 of 3rd period - Nick Schmaltz is hit by Nick Foligno and loses puck.
13:08 of 3rd period - Paul Stastny is hit by Justin Abdelkader and loses puck.
13:21 of 3rd period - Shot by Josh Archibald.
13:21 of 3rd period - Stopped by Matthew Murray without a rebound.
13:22 of 3rd period - Gaetan Haas wins face-off versus Sean Couturier in SPOKANE KNIGHTS zone.
13:45 of 3rd period - Shot by Mark Stone.
13:45 of 3rd period - Deflect By Sean Couturier.
13:45 of 3rd period - Shot Misses the Net.
14:06 of 3rd period - Minor Penalty to Mark Stone for Holding.
14:07 of 3rd period - Sebastian Aho wins face-off versus Nicholas Ritchie in KANSAS CITY KILLERBEES zone.
14:28 of 3rd period - Shot by Matthew Tkachuk.
14:28 of 3rd period - Shot Blocked by Oscar Fantenberg.
14:30 of 3rd period - Shot by Sebastian Aho.
14:30 of 3rd period - Stopped by John Gibson without a rebound.
14:31 of 3rd period - Paul Stastny wins face-off versus Patrick Kane in KANSAS CITY KILLERBEES zone.
15:41 of 3rd period - Shot by Victor Hedman.
15:41 of 3rd period - Shot Blocked by Oscar Fantenberg.
16:52 of 3rd period - Shot by Patrice Bergeron.
16:52 of 3rd period - Shot Blocked by Jacob Muzzin.
16:56 of 3rd period - Shot by Patrice Bergeron.
16:56 of 3rd period - Deflect By Blake Wheeler.
16:56 of 3rd period - Shot Blocked by Jacob Muzzin.
17:08 of 3rd period - Shot by Patrice Bergeron.
17:08 of 3rd period - Shot Misses the Net.
17:20 of 3rd period - Shot by Patrick Kane.
17:20 of 3rd period - Shot Blocked by Jacob Muzzin.
17:52 of 3rd period - Shot by Matthew Tkachuk.
17:52 of 3rd period - Stopped by John Gibson without a rebound.
17:53 of 3rd period - Nick Schmaltz wins face-off versus Gaetan Haas in KANSAS CITY KILLERBEES zone.
18:57 of 3rd period - Shot by Paul Stastny.
18:57 of 3rd period - Shot Misses the Net.
18:59 of 3rd period - Shot by Paul Stastny.
18:59 of 3rd period - Shot Blocked by Nick Foligno.
19:01 of 3rd period - Shot by Tyler Ennis.
19:01 of 3rd period - Shot Misses the Net.
19:02 of 3rd period - Minor Penalty to Roman Polak for Tripping.
19:03 of 3rd period - Nick Foligno wins face-off versus Nick Schmaltz in SPOKANE KNIGHTS zone.
19:30 of 3rd period - Icing by Nick Schmaltz.
19:31 of 3rd period - Nick Foligno wins face-off versus Tyler Ennis in KANSAS CITY KILLERBEES zone.
Goals for this period are 0 for SPOKANE KNIGHTS vs 1 for KANSAS CITY KILLERBEES.
Shots for this period are 6 for SPOKANE KNIGHTS vs 15 for KANSAS CITY KILLERBEES.


SCOTT
LAUGHTON
IGOR
SHESTERKIN
ALEX
TUCH

EAST COAST

HOCKEY LEAGUE

  • 9.CHI2QUE6
  • 10.LIM2CHA3
  • 11.LON6TRV4
  • 12.BAL3CHW2
  • 13.MANPIT
  • 14.NHWATL
  • 15.PETWOR
  • 16.RHI